[Event "44th Chess Olympiad Open 2022"]
[Site "Chennai"]
[Date "2022.08.01"]
[Round "4.35"]
[White "Lorenzana, Wilson Estuardo"]
[Black "Hamitevici, Vladimir"]
[Result "0-1"]
[WhiteElo "2182"]
[BlackElo "2473"]
[Annotator "TA"]
[PlyCount "162"]
[EventDate "2022.??.??"]
[TimeControl "60"]

1. e4 e5 2. Nf3 Nc6 3. Bc4 Nf6 4. d3 h6 5. O-O d6 6. a4 g5 {[%emt 0:03:40] C55: Two Knights: 4 d3, 4 d4 exd4 5
e5 and Max Lange Attack.} 7. Nc3 Bg7 8. a5 a6 {[%emt 0:02:24] The position is equal.} 9. Nd5 Nxd5 10. Bxd5 O-O {[%emt 0:07:17] [#]}
11. Ne1 $146 ({Predecessor:} 11. Nd2 Ne7 12. Bb3
Kh7 13. Nc4 f5 14. exf5 Bxf5 15. Ne3 Bg6 16. c3 Qd7 17. d4 exd4 18. cxd4 {
½-½ (53) Svidler,P (2723)-Oparin,G (2652) Chess.com INT 2020}) 11... Ne7 12. Bb3 d5 13. Bd2 Qd6 14. Qe2 Be6 15.
Rd1 Rae8 16. g3 (16. c4 $11)
16... f5 $15 17. Ng2 ({
White should play} 17. exd5 $15 Nxd5 18. Ng2) 17... f4 $17 {[%emt 0:00:00]
Strongly threatening ...f3.} 18. f3 Nc6 {[%emt 0:04:37]
Threatens to win with ...Nd4.} 19. Bc3 Qc5+ 20. Rf2 d4 (20... Nxa5 $6 21. Bxd5 Nc6 22.
Bxe6+ Rxe6 23. gxf4 $11) 21. Bxe6+ Rxe6 22.
Be1 Qb5 (22... Nxa5 $2 23. b4 Qc6 24. bxa5
$18) 23. Ra1 Rd8 24. b3 b6 (24... Qc5 $17 25. Qd1 Qe7) 25. axb6 cxb6 26. Ra4 a5 27. Bd2 Bf8 28. Ne1 Bb4 29.
Qf1 Bxd2 30. Rxd2 Nb4 31. Qh3 Qd7 32. gxf4 exf4 33. Rg2 Rc6 34. Qh5 Qf7 35. Qg4 Kh7 36. Ra1 Rg8 {[%emt 0:01:06] Black is much
more active.} 37. Re2 Re6 38. Qg2 h5 39. h3 {[%emt 0:00:48] Prevents g4.} Qd7 40. Qf1 Nc6 41. Rh2 Rh6 42. Qf2 Rgg6 43. Ng2 Qd6 44. Rf1 Ne5 45. Qd2 Rg7 46.
Kf2 $2 {[%emt 0:00:00] [#]} (46. Ne1) 46... Qc5 $2 (46... Nxf3
$1 47. Kxf3 g4+ 48. Ke2 f3+ 49. Ke1 Qxh2) 47. Ke2 (47. Rhh1
$142) 47... Rc7 48. Rc1 Qd6 {[%emt 0:00:00]
[%cal Ye5f3] ...Nxf3! is the strong threat.} 49. Ne1 Rc3 50. Kf1 Rf6 51. Ra1 Nc6 52. Qf2 Qe6 53.
Qg1 Rg6 54. Qf2 Kg8 55. Rh1 Rg7 56. Ra4 b5 {[%emt 0:01:30] Inhibits Rc4.} 57. Ra1 Qd7 58. Rh2 Kf8 59. Qd2 Ke8 60. Ke2 Qc7 61.
Kd1 Kd7 62. Rg2 Kc8 63. Qf2 Kb7 64. Qg1 Qe7 (64... Qe5 $142 65. Ke2 h4) 65. h4 Rc5 66. Ra2 ({White should try
} 66. c4) 66... Rg6 67. Ra1 (67. Qf2 $17) 67... Kb6 $19 68. c4 $2 (68. b4 {is tougher.} Nxb4 69. Qxd4) 68... dxc3 69. Nc2 g4 $2 (69... Qd7 $19 {is more
deadly.} 70. Ne1 b4 71. hxg5 (71. Rxg5 $2 c2+ 72. Nxc2 Qxd3+ 73. Ke1 Rgxg5 $19)
71... Nd4) 70. d4 $17 Rd6 71. Kc1 {[%emt 0:
00:07] [#]} Nxd4 $1 72. Nxd4 Qd8 73. b4 Rxd4 74. bxc5+ Kxc5 $2 (74... Kc6 $1 $11) 75. fxg4 $2 (75.
Rc2 $18 b4 76. fxg4 (76. Rca2 Kc4 $18)) 75... a4 $2 (75... f3
$11 76. Rc2 b4) 76. gxh5 $18 {[%emt 0:00:39] And now Rb1 would win.} Kb4 77. Rc2 Rd3 {[%emt 0:00:43] [#]} 78. Rb1+ $2 (78. h6 $1 Rg3 79. Qf2 (79. Rb1+ Kc4 $18)) 78... Kc4 {[%emt 0:
00:21] [#]} 79. Qf1 (79. h6 $1 $16 Rg3 80. Qf1+
Qd3 81. Rf2) 79... b4 $11 {[%emt 0:00:30] Hoping for ...b3. The board is on
fire.} 80. e5 $2 ({Avoid the trap} 80. Ra2 $2 Qd4 81. Rba1 a3
$19) (80. Rxc3+ $11 Kxc3 81. Qe1+ Kd4 82. Rxb4+ Ke5 83. h6) 80... Qd4 $19 {
[%emt 0:00:00] ( -> ...Qe3+)} 81. Rf2 Qe3+ {[%emt 0:00:06]
Weighted Error Value: White=0.25 (precise) /Black=0.15 (very precise)} 0-1

[Event "44th Chess Olympiad Open 2022"]
[Site "Chennai"]
[Date "2022.08.01"]
[Round "4.36"]
[White "Meier, Georg"]
[Black "Abdulwahhab, Ahmed Abdulsattar A"]
[Result "1-0"]
[WhiteElo "2613"]
[BlackElo "2251"]
[Annotator "TA"]
[PlyCount "53"]
[EventDate "2022.??.??"]
[TimeControl "60"]

1. Nf3 Nf6 2. g3 g6 3. Bg2 Bg7 4. O-O O-O 5. d4 d6 6. b3 c5 7. Bb2 Nc6 8. d5 Nb4 {[%emt 0:00:00] A49:1
d4 Nf6 2 Nf3 g6 3 g3: Anti-King's Indian systems.} 9. c4 Rb8 10. a3 Na6 {[%emt 0:00:00] White is slightly
better.} 11. Nbd2 Bd7 12. e4 b5 13. Bc3 {[%emt 0:04:40] [#]} ({White should play} 13. Re1
$16) 13... bxc4 $146 ({Predecessor:} 13... e5 14. Ne1 Re8 15.
Nd3 Qb6 16. Kh1 b4 17. axb4 cxb4 18. Bb2 Nc5 19. Nxc5 Qxc5 {1-0 (38) Feroul,
M-Evrard,P France 1977}) 14. bxc4 Ne8 (14...
e5 $14 {might be stronger.}) 15. e5 $16 dxe5 (15... Nac7 $14) 16. Nxe5 Nd6 17. Re1 Re8 18. Qf3 Ba4 19. h4 {[%emt 0:06:57] 0x0.001680d2b03cdp-1022s more active pieces. The
black rooks are badly placed.} Qc8 20. Rac1 Nc7 {[%emt 0:00:49] A mistake that costs the game.} (20... Qf5 $16 {was
necessary.}) 21. Ne4 $18 {[%emt 0:00:35] [#] Strongly threatening Nxd6.} Bxe5 22. Bxe5 Rb3 $2 (22... Nxe4
23. Qxe4 f6) 23. Qf4 Nxe4 24. Rxe4 Na8 25. Rce1 {[%emt 0:00:13] Intending Qh6 and mate.}
Nb6 26. Qh6 f6 {
[%emt 0:02:48] [#]} 27. Bxf6 $1 {[%emt 0:00:00] Weighted Error Value: White=0.
03 (flawless) /Black=0.69} 1-0

[Event "44th Chess Olympiad Open 2022"]
[Site "Chennai"]
[Date "2022.08.01"]
[Round "4.36"]
[White "Diaz Hollemaert, Nahuel"]
[Black "Ahmed, Ali Layth Ahmed"]
[Result "1/2-1/2"]
[WhiteElo "2425"]
[BlackElo "2249"]
[Annotator "TA"]
[PlyCount "137"]
[EventDate "2022.??.??"]
[TimeControl "60"]

1. Nf3 Nf6 2. c4 e6 3. Nc3 Bb4 4. Qb3 c5 5. g3 Nc6 6. a3 Ba5 7. Bg2 O-O 8. O-O d5 9. d3 {[%emt 0:13:59] A17:
English Opening: 1...Nf6 with ...Bb4.} d4 10. Na4 Qd6 11. e3 {[%emt 0:31:17] [#]} Rb8 $146 ({Predecessor:} 11... h6 12. exd4 cxd4 13. Qc2 e5 14. b4 Bc7 15. Re1 Re8 16. b5
Nb8 17. Bd2 Qd8 {1-0 (60) Norri,J (2405)-Sammalvuo,T (2395) Finland 1998}) 12.
exd4 cxd4 13. Qc2 Bc7 14. b4 Qd8 15. Re1 Re8 $1 16. Bd2 (16. Nc5 $14) 16...
Ne7 17. Nc5 Ng6 18. Bg5 h6 19. Bxf6 Qxf6 20. Qb2 (20. Qa4 $16 Qd8 21. Re4 (21. Qxa7 Re7 $14))
20... Rd8 $11 21. Ne4 Qf5 22. c5 (22. Nxd4 $2 Qe5 23. Nd6 Qxd6 $19) 22... e5 23. b5 Qe6 (23... b6 $11) 24. Qb4 (24. a4 $5 ) 24... Ne7 25. Nd6 Nd5 26. Qc4 Bxd6 27. Nxd4 $1 Qf6 28. Bxd5 (28. Qxd5 $2 Bc7 29. Qb3 Rxd4 $19) 28... exd4 29. cxd6 Bf5 30. Re7 {[%emt 0:01:23][%cal Re7f7] White
is much more active.} Qxd6 31. Rxf7 (31. Bxf7+ {looks sharper.} Kh7 32. Rae1 Rbc8 33. Be6) 31... Qxd5 32. Rxf5 {[%emt 0:00:05] Pin} Qxc4 33. dxc4
$16 {[%emt 0:00:01] Endgame KRR-KRR} Rbc8 34. c5 d3 35. Rd1 Rd4 36. Rd2 Rcd8 37. Rf3 R8d5 38. c6 Rxb5 39. cxb7 ({But not} 39. Rdxd3 $6 Rxd3 40. Rxd3 bxc6 $11) 39... Rxb7 40.
Rdxd3 Ra4 41. Kg2 Rc4 42. Rd5 Ra4 43. h3 Kh7 44. h4 Rc7 45. h5 Rac4 46. Kh3 (46. Rf8 $18 {Strongly threatening Rdd8.} R4c5 47. Rfd8) 46...
R7c5 $1 $14 47. Rxc5 Rxc5 {[%emt 0:00:00]
KR-KR} 48. g4 Kg8 {[%emt 0:00:00] [#]} (48... Ra5 $14) 49. Kh4 (49. a4 $1 $16) 49... Rc4 50. Kg3 Ra4 51. Re3 Kf7 52.
f3 Kf6 53. Kf2 Ra6 54. Rc3 Ra4 55. Ke2 Ra6 56. Kd3 Ke5 57. Ke3 Ra4 58. Rb3 Kf6 59. f4 Ra5 60. Rc3 Ra4 61. Kf3 Ra5 62. Kg3 Ra4 63. Rc6+ (63. Rb3 $14)
63... Kf7 $1 $11 64. Rc7+ Kf8 (64... Kg8 $11 {remains equal.}) 65. Rc3 Kf7 {[%emt 0:00:04]
[#]} ({Better is} 65... Kg8 $14) 66. Kh4 ({White should try} 
66. g5 $1 $16 ) 66... Ke7 {[%emt 0:01:57] White is slightly
better.} 67. Rf3 Kf6 68. Kg3 Ra5 69. Re3 {[%emt 0:01:07] Weighted Error Value: White=0.13 
(very precise) /Black=0.12 (very precise)} 1/2-1/2

[Event "44th Chess Olympiad Open 2022"]
[Site "Chennai"]
[Date "2022.08.01"]
[Round "4.36"]
[White "Salih, Akar Ali Salih"]
[Black "Hoffman, Alejandro"]
[Result "1/2-1/2"]
[WhiteElo "2243"]
[BlackElo "2390"]
[Annotator "TA"]
[PlyCount "63"]
[EventDate "2022.??.??"]
[TimeControl "60"]

1. e4 e5 2. Nf3 d6 3. d4 exd4 4. Nxd4 Nf6 5. Nc3 Be7 6. Bf4 O-O 7. Qd2 Nc6 8.
O-O-O Nxd4 9. Qxd4 Be6 10. Qd2 a6 11. f3 b5 12. g4 Nd7 {[%emt 0:03:30] C41:
Philidor Defence.} (12... c6 $11 {keeps the balance.}) 13. Kb1 {[%emt 0:05:57]
[%cal Yh2h4] [#] White is more active.} (13. h4 $5) 13... Nb6 $146 ({Predecessor:} 13... Bf6 14. g5 Be5 15. Be3 Nc5 16. Ne2 Bc4 17. f4 Nxe4
18. Qe1 Bxb2 19. Kxb2 Re8 {1-0 (29) Szieberth,A (2300)-Strauss,A (2240)
Oberwart 1996}) 14. h4 c5 {[%emt 0:20:28] White is slightly
better.} 15. g5 (15. Bxd6 $6 b4 16. Bxe7 Qxe7 $11) 15... Ra7 16. h5 ({Don't blunder} 16. Bxd6 $2 Bxd6 17.
Bxb5 (17. Qxd6 $2 Rd7 $19) 17... axb5 $19) 16... b4 17. Nd5 Nxd5 18. exd5 Bf5 19. Bd3 (19. Re1 $14 {keeps the upper hand.}) 19...
Bxd3 $17 20. cxd3 Qa8 21. d4
{[%emt 0:19:45] [#] dxc5 is the strong threat.} Qxd5 22. dxc5 Qf5+ ({Resist} 22... Qxc5 23. h6 (23. Bxd6
Qf5+ 24. Qc2 Qxc2+ 25. Kxc2 Rc8+ 26. Kb1 Bxg5 $15) 23... Rc7 24. Qd3 $14) 23.
Ka1 dxc5 24. Rhe1 f6 25. g6 hxg6 ({
Black should try} 25... Qxh5 $17 26. gxh7+ Kh8) 26. hxg6 $11 Qxg6 27. Qd5+ Qf7 {[%emt 0:00:40] Strongly
threatening ...Qxd5.} 28. Qc6 (28. Qf5 $5 )
28... f5 29. Be5 $1 {[%emt 0:02:21][%cal Ye5g7] Black must
now prevent Bxg7!} Bf6 30. Bxf6 Qxf6 (30... Rc7 $2 31. Qd6 Rfc8 {[#]} 32. Bxg7 $1 $18) 31. Qxc5 Qf7 32. Qxb4 {[%emt 0:00:28] Weighted Error
Value: White=0.21 (precise) /Black=0.25 (precise)} 1/2-1/2

[Event "44th Chess Olympiad Open 2022"]
[Site "Chennai"]
[Date "2022.08.01"]
[Round "4.36"]
[White "Mohammed, Zozek Salah Mohamme"]
[Black "Roselli Mailhe, Bernardo"]
[Result "1/2-1/2"]
[WhiteElo "2232"]
[BlackElo "2413"]
[Annotator "TA"]
[PlyCount "100"]
[EventDate "2022.??.??"]
[TimeControl "60"]

1. d4 Nf6 2. c4 g6 3. Nf3 Bg7 4. Nc3 O-O 5. g3 d6 6. Bg2 Nbd7 7. O-O e5 8. e4 c6 9. h3 a5 10. Be3 a4 11. dxe5 {[%emt 0:05:42] E69: King's Indian: Fianchetto: 6...
Nbd7 7 0-0 e5 8 e4 c6 9 h3.} (11. d5 $14) 11... dxe5 12. b4 axb3 13. axb3 {[%emt 0:00:14] White is
slightly better.} Rxa1 14. Qxa1 Qe7 15. Qa5 Re8 {[%emt 0:09:54] [#]} 16. Rd1 $146 ({Predecessor:} 16. c5 Nf8 17. Nd2 Be6 18. Nc4 Bxc4 19. bxc4
Ne6 20. Rb1 Bf8 21. Na4 Rd8 22. Qa7 {½-½ (30) Gaprindashvili,V (2482)
-Kveinys,A (2530) Cappelle la Grande 2001}) 16... Bf8 $1 17.
Ne1 Nc5 18. Qa2 (18. Qa3 {
looks sharper.} Be6 19. Nd5 cxd5 20. exd5 Qd6 21. Qxc5 Qxc5 22. Bxc5 Bxc5 23.
Nd3) 18... Be6 19. Nd3 Nfd7 20. Nxc5 {[%emt 0:14:51] The position is equal.} Nxc5 21. Na4 Nd7 22. Nb6 Nxb6 23. Bxb6 Qb4 24. Be3 Bc5 25. Bxc5 Qxc5 26. Qa4 Qb6 27. Bf1 Rc8 28. Rd6 Qc5 29. Rd1 h5 30. b4 Qe7 31. c5 h4 32. g4 Rd8 33.
Rxd8+ Qxd8 $11 {[%emt 0:00:06] Endgame KQB-KQB} 34. Qa1 Qd2 35. Qxe5 Qxb4 36. Kg2 Qe1 37. Qd4 Qc1 38. Qd8+ Kg7 39. Qd4+ Kg8 40. Qd8+ Kg7 41. Qd4+ Kh7 42. Be2 Qf4 43. Bf3 Qc1 44. Be2 Ba2 45. Bf3 Bc4 {[%emt 0:08:
00] [#] aiming for ...Bf1+.} 46. Bd1 Be6 47.
Be2 Qb1 48. Bf3 Qc1 49. Be2 Ba2 50. Bf3 Be6 {[%emt 0:00:00] Weighted Error Value: White=0.04 (flawless) /
Black=0.02 (flawless)} 1/2-1/2

[Event "44th Chess Olympiad Open 2022"]
[Site "Chennai"]
[Date "2022.08.01"]
[Round "4.37"]
[White "Docx, Stefan"]
[Black "Karimov, Alisher"]
[Result "1-0"]
[WhiteElo "2434"]
[BlackElo "2234"]
[Annotator "TA"]
[PlyCount "117"]
[EventDate "2022.??.??"]
[TimeControl "60"]

1. d4 Nf6 2. c4 e6 3. Nc3 Bb4 4. Qc2 d5 5. cxd5 Qxd5 6. Nf3 Nc6 {[%emt 0:02:31] E34: Nimzo-Indian: Classical:
4...d5.} 7. e3 O-O 8. Be2 {[%emt 0:08:02] [#]
} Qf5 $146 {[%emt 0:01:48] The position is equal.} (8... e5 {keeps more
tension.} 9. O-O Qa5 10. a3 exd4 11. exd4 Bd6) ({Predecessor:} 8... Qa5 9. O-O
e5 10. a3 Bxc3 11. bxc3 e4 12. Nd2 Re8 13. Rb1 {1-0 (49) Mamedyarov,S (2770)
-Girish,A (2498) Chess.com INT 2020}) 9. Qxf5 (9. Bd3 $5 Qh5 10. Be2 $14) 9... exf5 10. Bd2 Be6 11. O-O Rad8 12. g3 Na5 13. Nb1 Nc6 14. Rc1 {[%emt 0:11:47][%cal Yc1c6] Threatens to win with Rxc6!} Be7 15. Be1 Nd5 16. Nbd2 Nb8 17. Nb3 b6 18. Ne5 Rc8 19. Bb5 Bd6 20. Nc6 Nxc6 21. Bxc6 Ne7 22. Bb7 Rb8 23. Bg2 Bd5 24. f3 f6 25. e4 Bb7 26. a3 a5 27. Nd2 Nc6 28. Bf2 Rfd8 ({
Black should try} 28... Rfe8 $14) 29. Nc4 $1 $16 (29. exf5 $6
Bf8 $11) 29... fxe4 30. fxe4 {[%emt 0:00:22] Strongly
threatening d5.} b5 (30... Rdc8 $142) 31. Nxd6 cxd6 32. a4 Ba8 33. e5 (33. axb5 $16 Rxb5 34. d5) 33... Nb4 $14 34.
Bxa8 (34. Bf1 $5 ) 34... Rxa8 35. axb5 {[%emt 0:03:18] Threatening b6.} fxe5 (35... dxe5 $11
36. dxe5 Nd3) 36. dxe5 Nd3 {[%emt 0:00:06] [#]} 37. Rc7 $36 {
[%emt 0:00:41] White is on the roll.} dxe5 {[%emt 0:01:11] [#]} (37... Nxf2 $16
38. Kxf2 dxe5) 38. b6 $2 (38. Ba7 $1 $18) 38... Nxf2 $16 39. b7 Nh3+ $2 {[%emt 0:00:36] White now
steadily converts the win.} (39... Rab8 $14) 40. Kg2 $18 Ng5 {
[%emt 0:00:31] [#]} 41. Rd1 {[%emt 0:36:11] Prevents Rd2+. Rxd8+ is the strong
threat.} Re8 (41... Rab8 $2 42. Rxd8+ Rxd8 43. Rc8 Rxc8 44.
bxc8=Q+) (41... Rdb8 42. bxa8=N) 42. bxa8=Q ({Weaker is} 42.
bxa8=R Rxa8 43. h4 Ne6 $18) 42... Rxa8 {[%emt 0:00:10] Endgame KRR-KRN} 43.
Rdc1 Ne6 44. Re7 Nd4 45. Rcc7 Nf5 46. Rxe5 g6 47. Rec5 {[%emt 0:00:00] aiming for Rc8+.}
Nd6 {[%emt 0:00:38] Inhibits Rc8+.} 48. R7c6 Nf5 49. Rc8+ Rxc8 50. Rxc8+ {[%emt 0:00:00]
KR-KN} Kg7 51. Rc7+ Kh6 52.
Kf3 Nd6 53. Rc5 a4 54. g4 Kg7 55. Kf4 h6 56. Ke5 {[%emt 0:00:00] White threatens Rc7+ and mate.}
Nf7+ 57. Kd4 {[%emt 0:00:00] And now Ra5 would win.} Ng5 {
[%emt 0:00:21] [#]} 58. Rxg5 $1 hxg5 59. Kc4
{[%emt 0:00:00] Weighted Error Value: White=0.16 (very precise) /Black=0.57} (
59. Kc5 $142 Kf6 60. Kb4 Ke7 61. Kxa4 Kd7 62. b4 Ke6 63. b5 Ke5 64. b6) 1-0

[Event "44th Chess Olympiad Open 2022"]
[Site "Chennai"]
[Date "2022.08.01"]
[Round "4.37"]
[White "Khusenkhojaev, Muhammad"]
[Black "Dardha, Daniel"]
[Result "0-1"]
[WhiteElo "2397"]
[BlackElo "2575"]
[Annotator "TA"]
[PlyCount "66"]
[EventDate "2022.??.??"]
[TimeControl "60"]

1. d4 d5 2. c4 e6 3. cxd5 exd5 4. Nc3 c6 5. Nf3 Bd6 6. Bg5 Ne7 7. e3 O-O 8. Bd3 {[%emt 0:01:09] D31: Queen's Gambit Declined:
Semi-Slav without ...Nf6 (+ Marshall Gambit and Noteboom) and Exchange
Variation lines without ...Nf6.} Bg4 $5 {[%emt 0:02:03] A promising side line.}
9. Qc2 {[%emt 0:00:40] [#]} h6 $146 ({Predecessor:} 9... f6
10. Bh4 f5 11. Ne5 Bxe5 12. dxe5 Nd7 13. f4 Nc5 14. h3 Bh5 15. Rg1 Qd7 {
1-0 (59) Ulian,A (1572)-Cazan,M (1669) Mamaia 2021}) 10. Bh4 {[%emt 0:00:00]
The position is equal.} Qd7 11. Bg3 Bf5 (11... Bxg3 {is more complex.} 12. hxg3 Qe6 13. Ne5 Nd7) 12.
Bxd6 Bxd3 13. Qxd3 {[%emt 0:00:10] Strongly
threatening Ba3.} Qxd6 14. O-O Nd7 15. Rab1 a6 16. h3 Rae8 17. b4 b5 18. a4 Nc8 19. a5 Qe7 20. Ne2 Nd6 21.
Qc3 Nc4 22. Nf4 Nf6 23. Nd2 g5 24. Nd3 g4 25. hxg4 Nxg4 26.
Nf3 Kh8 27. Nc5 (27. Nf4 $11
) 27... Rg8 $15 {[%emt 0:02:17] And now ...Qf6 would win.} 28. Qd3 (28. Nxa6 Qf6 29. Nc5 Nge5 $1 $19) (28. Rfe1 $1 $15) 28... Rg7 (28... Qf6 $1 $17 {[%cal Yg4e5] White must now prevent ...Nge5!} 29.
Qe2 (29. Nxa6 Nge5 $19) 29... Qg6) 29. Qf5 {[%emt 0:09:28] Against Nge5} Reg8
$1 ({Don't do} 29... Ngxe3 30. fxe3 Nxe3 31. Qe5 $1 $16) 30.
Kh1 $2 {[%emt 0:05:06] [#] White does not recover from this.} ({White should
play} 30. Rbe1 $15) 30... Nd2 $1 $19 {[%emt 0:01:53] aiming for ...Rg5. Black
is clearly winning.} 31. Rbd1 Nxf3 32. Qxf3 Qh4+ 33. Qh3 Nxf2+ {[%emt 0:
00:10] Weighted Error Value: White=0.39/Black=0.06 (flawless)} 0-1

[Event "44th Chess Olympiad Open 2022"]
[Site "Chennai"]
[Date "2022.08.01"]
[Round "4.37"]
[White "Lenaerts, Lennert"]
[Black "Ilkhomi, Jaloliddin"]
[Result "0-1"]
[WhiteElo "2379"]
[BlackElo "2076"]
[Annotator "TA"]
[PlyCount "72"]
[EventDate "2022.??.??"]
[TimeControl "60"]

1. e4 e6 2. d4 d5 3. Nc3 Bb4 4. e5 c5 5. a3 Bxc3+ 6. bxc3 Qa5 7. Bd2 Qa4 8. Qb1 c4 9. Be2 {[%emt 0:00:17] C18: French: 3 Nc3 Bb4: Main line: 7
h4 and 7 Qg4.} Ne7 10. h4 Nbc6 11. Bh5 {[%emt 0:09:13] The position is equal.} Bd7 12.
Ne2 {[%emt 0:02:16] [#]} (12. Qxb7 $2 Rb8 13. Qc7 Qxc2 $19) 12... h6 $146 ({Predecessor:} 12... b6 13. O-O Rf8 14. Bg4 O-O-O 15. Qb2 Kb7
16. Rfb1 h5 17. Bf3 f6 18. exf6 gxf6 {0-1 (42) Matusek,J (2245)-Schueppen,H 
(2407) ICCF email 2017}) 13. Nf4 (13. Qxb7 Rb8 14. Qc7 Qxc2
$19) 13... g6 14. Be2 (14. Qxb7 $2 Rb8 15.
Qc7 Qxc2 $19) 14... O-O-O 15. h5 g5 16. Nh3 Rdf8 17. f4 (17. Qb2 $11) 17... gxf4 ({Better is} 17... Nf5 $17) 18. Nxf4 ({White should play} 18. O-O $11) 18... Nf5 (
18... Rhg8 $15 {feels stronger.}) 19. Rh3 $11 Qa5 20. a4 Qc7 21. Qc1 Rhg8 22. g4 Nfxd4 23. cxd4 $16 Nxd4 {[%emt 0:00:12] [#]} 24. Bc3 (24. Qb2 $1
$16 Qxe5 25. Rb1) 24... Qxe5 $11 25. Qd2 $36 {
[%emt 0:03:50] White has good play.} Nxc2+ 26. Qxc2 Qxf4 27. Qb2 (27. Qd2 Qe4) 27... e5
$2 (27... Rxg4 28. Bxg4 Qxg4 {[#]} 29. Qf2 $1 $14) (27... Bc6
$11 {and Black stays safe.}) 28. Bxe5 $18 Qe4 {[%emt 0:00:09]
White must now prevent ...Re8.} 29. Kd2 {[%emt 0:02:39] Re3 is the strong
threat.} (29. Rb1 $2 Bc6 30. Bd4 Rxg4 $19) 29... Qg2 $2 (29...
Re8 $2 30. Re3 Qg2 31. Qb4 (31. Rb1 Bc6 $18)) (29... d4 {keeps fighting.} 30.
Qxd4 Qxd4+ 31. Bxd4 Bxg4) 30. Qb4 {[%emt 0:06:43] White threatens Qc5+ and
mate.} f6 $2 (30... Qxh3 {is a self mate.} 31. Qc5+ Bc6 32.
Qd6) (30... Re8 31. Re3 f6 32. Qc5+ Bc6) 31. Qc5+ Bc6 32. Rg3 Qh2 33. Re3 fxe5 $19 {[%emt 0:00:30] Black is clearly winning.} 34. a5 a6 {[%emt 0:02:50] And now ...d4 would win.} 35. Rb1 Qf4
{[%emt 0:00:12] Hoping for ...d4.} 36. Rxb7 Qd4+ {[%emt 0:00:
08] Weighted Error Value: White=0.73/Black=0.78} ({And not} 36... Kxb7 37. Qb6+
Ka8 38. Qxc6+ Ka7 39. Qb6+ Ka8 40. Qc6+ Kb8 41. Qb6+ Kc8 42. Qc6+ Kd8 43. Qd6+
Ke8 44. Qe6+ Kd8 45. Qd6+ Ke8 46. Qe6+ Kd8 47. Qd6+ $11) 0-1

[Event "44th Chess Olympiad Open 2022"]
[Site "Chennai"]
[Date "2022.08.01"]
[Round "4.37"]
[White "Sharifov, Mekhriddin"]
[Black "Maerevoet, Sim"]
[Result "1/2-1/2"]
[WhiteElo "2097"]
[BlackElo "2409"]
[Annotator "TA"]
[PlyCount "82"]
[EventDate "2022.??.??"]
[TimeControl "60"]

1. e4 c5 2.
Nf3 e6 3. d4 cxd4 4. Nxd4 Nf6 5. Nc3 Nc6 6. Ndb5 d6 7. Bf4 e5 8. Bg5 a6 9. Na3 b5 10. Nd5 Be7 11. Bxf6 Bxf6 12. c4 Nd4 {[%emt 0:00:13] 12...0-0 is the modern continuation. B33:
Sicilian: Pelikan and Sveshnikov Variations.} 13. Bd3 (13. cxb5 {seems wilder.} Be6 14. Bc4 axb5 15. Bxb5+ Kf8 16. Bc4) 13...
Be6 14. O-O Bxd5 15. cxd5 O-O 16. Nc2 Qb6 17. Nxd4 Qxd4 {[%emt 0:00:07] [#]} 18. Qe2 $146 ({Predecessor:} 18. Qb3 Rfb8 19. Rac1 Rc8 20. Rc2 Rc5 21. Rxc5 dxc5 22.
Qc2 c4 23. Be2 Be7 24. Rd1 Qb6 25. b3 cxb3 26. axb3 {1-0 (37) Kadric,D (2418)
-Zhou,Y (2430) Prague 2012}) 18... Bg5 19. g3 g6 20. Rad1 Qb6 ({Don't play} 20... f5 21. exf5 gxf5 22. Bxf5 $1 $16) 21. h4 Bh6 22. Kg2 Kg7 23. Qg4 Qa5 24. a3 b4 25. h5 bxa3 26. hxg6 hxg6 27. Ra1 a2 28. Bc4 Qb4 29. b3 {
[%emt 0:01:03] [#]} a5 $1 {[%emt 0:00:28][%cal Ya6a5,Ya5a4,Ya4a3] Threatens to
win with ...a4.} 30. Rxa2 a4 31. Rfa1 a3 {[%emt 0:00:00] Hoping for ...Bd2.} 32. Qe2 {
[%emt 0:00:32] Prevents Bd2.} f5 (32... Rfb8 $17) 33. exf5 $11
{[%emt 0:02:18] The position is equal.} gxf5 34. Ba6 Qxb3 35. Qb5 Qxb5 36. Bxb5 Ra5 37. Bc6 Kf6 38. Rxa3 Rxa3 39. Rxa3 Bd2 40. Ra8 Rxa8 41. Bxa8 e4 {[%emt 0:00:00] Weighted Error Value:
White=0.08 (flawless) /Black=0.07 (flawless)} 1/2-1/2